 Dungeon Crawl Stone Soup version 0.31-a0-692-gf03d1854d5 (webtiles) character file.

Game seed: 16745106943260435339

9 Essalna the Conjurer (level 2, 19/19 HPs)
             Began as a Demonspawn Conjurer on Sept 7, 2023.
             Got out of the dungeon alive.
             The game lasted 00:00:24 (237 turns).

Essalna the Conjurer (Demonspawn Conjurer)           Turns: 237, Time: 00:00:24

Health: 19/19      AC:  2    Str:  7    XL:     2   Next: 3%
Magic:  2/5        EV: 12    Int: 19    God:
Gold:   23         SH:  0    Dex: 11    Spells: 4/5 levels left

rFire   . . .        (no weapon)
rCold   . . .        (no shield)
rNeg    . . .        a - +0 robe
rPois   .            (no helmet)
rElec   .            (no cloak)
rCorr   .            (no gloves)
SInv    .            (no boots)
Will    .....        (no amulet)
Stlth   ++           (no ring)
HPRegen 0.23/turn    (no ring)
MPRegen 0.09/turn

%: no passive effects
@: no status effects
A: foul stench 1
a: no special abilities


You escaped.
You visited 1 branch of the dungeon, and saw 1 of its levels.

You collected 23 gold pieces.

Inventory:

Armour
 a - a +0 robe (worn)
Scrolls
 c - 2 scrolls of teleportation {unknown}
Potions
 b - a potion of magic


   Skills:
 - Level 1.7 Dodging
 - Level 1.7 Stealth
 + Level 2.3 Spellcasting
 + Level 4.2 Conjurations


You had 4 spell levels left.
You knew the following spells:

 Your Spells              Type           Power      Damage    Failure   Level
a - Magic Dart            Conj           72%        1d6       2%          1

Your spell library contained the following spells:

 Spells                   Type           Power      Damage    Failure   Level
 Searing Ray              Conj           36%        2d5       4%          2
 Dazzling Flash           Conj/Hex       20%        N/A       21%         3
 Fulminant Prism          Conj/Hex       5%         3d7       56%         4
 Iskenderun's Mystic Bla  Conj/Tloc      10%        2d4       56%         4
 Cause Fear               Hex            1%         N/A       85%         4
 Fireball                 Conj/Fire      5%         3d5       88%         5
 Dragon's Call            Summ           1%         N/A       100%        9


Dungeon Overview and Level Annotations

Branches:
Dungeon (1/15)

Altars:


Innate Abilities, Weirdness & Mutations

You may rarely emit foul miasma when damaged in melee.


Message History

You now have 11 gold pieces.
You now have 23 gold pieces (gained 12).
Found a stone staircase leading down.
You can't see any susceptible monsters within range! (Use Z to cast anyway.)
Found a beast talisman.
You pick up a book of the Dragon and begin reading...
You add the spells Cause Fear, Fireball and Dragon's Call to your library.
You can't see any susceptible monsters within range! (Use Z to cast anyway.)
You see here a beast talisman.
Found an escape hatch in the floor.
A bat comes into view.
Found a serpent talisman.
A bat is nearby!
A bat is nearby!
The magic dart hits the bat but does no damage.
The bat completely misses you.
The magic dart hits the bat.
You kill the bat!
You can't see any susceptible monsters within range! (Use Z to cast anyway.)
You can't see any susceptible monsters within range! (Use Z to cast anyway.)
You see here a serpent talisman.
A giant cockroach comes into view.
A giant cockroach is nearby!
The magic dart hits the giant cockroach.
The giant cockroach is lightly wounded.
The magic dart hits the giant cockroach.
You kill the giant cockroach!
You can't see any susceptible monsters within range! (Use Z to cast anyway.)
You can't see any susceptible monsters within range! (Use Z to cast anyway.)
A kobold comes into view. It is wielding a +0 dagger.
The kobold shouts!
The magic dart hits the kobold.
The kobold is heavily wounded.
The magic dart hits the kobold.
You kill the kobold!
You have reached level 2!
Your demonic ancestry asserts itself...
You begin to emit a foul stench of rot and decay.
There is a staircase leading out of the dungeon here.
You have escaped!

..# ....... #......
..#........##.#.....
#.#..#..#..#.##..... #.
#.#..#......##......
#.###.#..#.......รท# .....
#.....#..#....#...# ##.....
....)..#.#..#........#.#......
#.####.#.#.#........##.#....#
#.####.#...#....@...#.##..... .#
.........#..#........##...###....
......%..#..#..................).
#...##.###..#......#......###..).
###.##.# #..#.........#.#.......#
#.##.# #......#..............#.
#.##.# #......#.....#.#.......#
###.##.# #...##.##..........#....
....##.# #.....#..##............)


There were no monsters in sight!

Vanquished Creatures
  2 bats (D:1)
  An endoplasm (D:1)
  A giant cockroach (D:1)
  A kobold (D:1)
  2 goblins (D:1)
7 creatures vanquished.

Notes
Turn   | Place    | Note
-------+----------+-------------------------------------------
     0 | D:1      | Essalna the Demonspawn Conjurer began the quest for the
                  | Orb.
     0 | D:1      | Reached XP level 1. HP: 13/13 MP: 3/3
   226 | D:1      | Gained mutation: You may rarely emit foul miasma when
                  | damaged in melee. [demonic ancestry]
   226 | D:1      | Reached XP level 2. HP: 19/19 MP: 1/5
   237 | D:$      | Got out of the dungeon alive.

Illustrated notes

Levels and vault maps discovered:
D:1:      matt_arrival_debris, layout_loops_ring, serial_shops,
          nicolae_shop_just_a_little_nook

Action                     || total
---------------------------++-------
   Cast: Magic Dart        ||    13
  Dodge: Dodged            ||     1

Table legend: (Time is in decaauts)
 A = Elapsed time spent in this place.
 B = Non-inter-level travel time spent in this place.
 C = Inter-level travel time spent in this place.
 D = Time resting spent in this place.
 E = Time spent auto-exploring this place.
 F = Levels seen in this place.
 G = Mean time per level.
                   A        B        C        D        E       F      G
               +--------+--------+--------+--------+--------+-----+--------+
         Total |    237 |    227 |     10 |      0 |    202 |   1 |  237.0 |
       Dungeon |    237 |    227 |     10 |      0 |    202 |   1 |  237.0 |
               +--------+--------+--------+--------+--------+-----+--------+

Top non-repeatable levels by time:
     D:1: 237 daAuts
